 Dungeon Crawl Stone Soup version 0.22-a0-612-gd2f0174 (webtiles) character file.

27 zkyp the Magician (level 2, -2/14 HPs)
             Began as a Spriggan Wanderer on July 11, 2018.
             Slain by a goblin (5 damage)
             ... led by Robin
             ... on level 1 of the Dungeon.
             The game lasted 00:01:02 (703 turns).

zkyp the Magician (Spriggan Wanderer)                Turns: 703, Time: 00:01:02

Health: -2/14      AC:  2    Str: 14    XL:     2   Next: 93%
Magic:  8/8        EV: 17    Int: 15    God:
Gold:   43         SH:  0    Dex: 12    Spells: 8/9 levels left

rFire    . . .     SeeInvis +   a - +2 short sword
rCold    . . .     Gourm    .   (shield restricted)
rNeg     . . .     Faith    .   d - +0 robe
rPois    .         Spirit   .   (helmet restricted)
rElec    .         Reflect  .   (no cloak)
rCorr    .         Harm     .   (gloves unavailable)
MR       .....                  (boots unavailable)
Stlth    ++........             c - amulet of regeneration
HPRegen  0.44/turn              (no ring)
MPRegen  0.11/turn              (no ring)

@: mighty, lethally poisoned (-2 -> -2), very quick
A: very small, unfitting armour, see invisible, herbivore, speed 3, slow
metabolism 2
a: no special abilities


You were on level 1 of the Dungeon.
You were not hungry.

You visited 1 branch of the dungeon, and saw 2 of its levels.

You collected 43 gold pieces.

Inventory:

Hand Weapons
 a - a +2 short sword (weapon)
 e - a +0 dagger
Armour
 d - a +0 robe (worn)
Jewellery
 c - an amulet of regeneration (around neck)
Scrolls
 b - a scroll of fear {unknown}
Potions
 g - a potion of lignification {unknown}
 h - a potion of might
 i - a potion of agility {unknown}
Comestibles
 f - 2 rations


   Skills:
 - Level 1.5 Fighting
 + Level 3.1 Short Blades
 + Level 2.6 Dodging
 - Level 3.0 Stealth
   Level 1.0 Shields
 - Level 4.0 Spellcasting


You had 8 spell levels left.
You knew the following spells:

 Your Spells              Type           Power        Failure   Level  Hunger
a - Apportation           Tloc           #.....       19%         1    None

Your spell library contained the following spells:

 Spells                   Type           Power        Failure   Level  Hunger
 Swiftness                Chrm/Air       #.......     26%         2    ##.....
 Recall                   Summ/Tloc      N/A          47%         3    ###....
 Poisonous Vapours        Pois/Air       #.....       26%         2    ##.....


Dungeon Overview and Level Annotations

Branches:
Dungeon (2/15)

Altars:

Annotations:
D:2 Robin


Innate Abilities, Weirdness & Mutations

You are very small and have problems with some larger weapons.
You are too small for most types of armour.
You have supernaturally acute eyesight. (SInv)
You are a herbivore.
You cover ground extremely quickly.
You need to consume almost no food.


Message History

You closely miss the adder.
The adder is heavily wounded.
The adder bites you. The goblin completely misses you.
The goblin barely misses you.
You barely miss the adder.
The adder is heavily wounded.
The adder bites you.
You are poisoned.
The adder poisons you! The goblin completely misses you.
The goblin closely misses you. The adder barely misses you.
You closely miss the adder.
The adder is heavily wounded.
You feel sick. The adder bites you.
* * * LOW HITPOINT WARNING * * *
The goblin misses you. The goblin barely misses you.
It was a potion of might.
You feel very mighty all of a sudden. The adder closely misses you.
The goblin closely misses you. The goblin hits you.
You die...

#..###.....≈≈≈≈≈≈..........
#.###.......§§§§§.....#.#..
#.###....§...≈≈≈........#.#
#.##..........§≈........#.#
#.##..†........≈........#.#
#.##....................#.#
#.##..####..............#.#
#.##..# #S#.########.†##.#
#.##..####@#...............
#........gg#.###.....#.....
###########.#..............
#....###.....####.# #.####
#.....# #.. #.# ####### ###
#.# ######## #.# #......#
#.# #.####.#


You could see an adder and 2 goblins.

Vanquished Creatures
  A leopard gecko (D:1)
  A giant cockroach (D:1)
  A goblin (D:1)
  2 hobgoblins (D:1)
  7 jackals (D:1)
  2 kobolds (D:1)
  6 bats (D:1)
  3 rats (D:1)
23 creatures vanquished.

Notes
Turn   | Place    | Note
-------+----------+-------------------------------------------
     0 | D:1      | zkyp the Spriggan Wanderer began the quest for the Orb.
     0 | D:1      | zkyp set off with: a +2 short sword, a +0 robe, a +0 dagger, a ration
     0 | D:1      | Reached XP level 1. HP: 10/10 MP: 6/6
    66 | D:1      | Reached skill level 1 in Dodging
   102 | D:1      | Learned a level 1 spell: Apportation
   212 | D:1      | Reached XP level 2. HP: 12/14 MP: 8/8
   689 | D:2      | Noticed Robin
   703 | D:1      | Slain by a goblin

Vault maps used:
D:1:      eino_arrival_water_star, lemuel_old_faithful
D:2:      lemuel_doored_altar, first_ration, uniq_crazy_yiuf_cottage, uniq_robin

Skill      XL: |  1  2 |
---------------+-------+-----
Dodging        | 1 2 |  2.6
Short Blades   | 3 |  3.1
Fighting       | |  1.5
Stealth        | |  3.0
Shields        | |  1.0
Spellcasting   | |  4.0

Action                   || total
-------------------------++-------
Melee: Short sword       ||    71
  Use: Potion            ||     1
 Stab: Sleeping          ||     2
Armor: Robe              ||    10
Dodge: Dodged            ||    67

Table legend:
 A = Spawn XP
 B = Non-spawn XP
 C = Spawn XP percentage of total XP
 D = Spawn monster count
 E = Non-spawn monster count
 F = Spawn count percentage of total count
 G = Total turns spent on level
                    A         B        C        D         E        F      G
               +---------+---------+-------+---------+---------+-------+---------
         Total |       0 |      39 |   0.0 |       0 |      23 |   0.0 |   703
               +---------+---------+-------+---------+---------+-------+---------
           D:1 |       0 |      39 |   0.0 |       0 |      23 |   0.0 |   697
               +---------+---------+-------+---------+---------+-------+---------
